 Dungeon Crawl Stone Soup version 0.18-a0-884-gb6cfd45 (webtiles) character file.

15173 4thArraOfDagon the Cleaver (level 11, -1/92 HPs)
             Began as a Centaur Air Elementalist on Dec 22, 2015.
             Was a High Priest of Okawaru.
             Shot with a bolt by an orc warlord (32 damage)
             ... on level 2 of the Orcish Mines.
             The game lasted 00:53:27 (8906 turns).

4thArraOfDagon the Cleaver (CeAE)                   Turns: 8906, Time: 00:53:27

Health: -1/92      AC: 15    Str: 12    XL:     11   Next: 98%
Magic:  12/12      EV:  8    Int: 15    God:    Okawaru [*****.]
Gold:   1511       SH:  0    Dex:  9    Spells: 3 memorised, 8 levels left

rFire  . . .     SeeInvis .     M - +3 broad axe (venom)
rCold  . . .     Gourm    .     v - troll hide {Purgy}
rNeg   . . .     Faith    +     (no shield)
rPois  .         Spirit   .     (no helmet)
rElec  .         Dismiss  .     k - +0 cloak
rCorr  .         Reflect  .     (no gloves)
SustAt .         Harm     .     f - +2 centaur barding
MR     +....                    g - amulet of faith
Stlth  +.........               (no ring)
                                a - ring of invisibility

@: drained, very quick, somewhat resistant to hostile enchantments, very
unstealthy
A: hooves 3, thin metallic scales 1, blurry vision 1, clumsy 1, deformed body,
speed 2, low mp 1, magic resistance 1, tough skin 3, no device heal 1
a: Heroism, Finesse, Renounce Religion, Evoke Invisibility


You were on level 2 of the Orcish Mines.
You worshipped Okawaru.
Okawaru was extremely pleased with you.
You were not hungry.

You visited 2 branches of the dungeon, and saw 16 of its levels.
You also visited: Sewer and Ossuary.

You collected 1511 gold pieces.

Inventory:

Hand Weapons
 d - a +0 mace
 i - a +3 dagger of protection
 D - a +1 executioner's axe of venom
 M - a +3 broad axe of venom (weapon)
 O - a +2 battleaxe of freezing
 R - the +1 battleaxe "Mywko" {flame, rElec rPois Str+9 Stlth+}
   (Okawaru gifted it to you on level 2 of the Orcish Mines)

   It has been specially enchanted to burn those struck by it, causing extra
   injury to most foes and up to half again as much damage against particularly
   susceptible opponents.
   Big, fiery blades are also staple armaments of hydra-hunters.
   It affects your strength (+9).
   It insulates you from electricity.
   It protects you from poison.
   It makes you more stealthy.
Missiles
 n - 47 poisoned needles
 p - 3 exploding tomahawks (quivered)
 G - 4 throwing nets
 Q - 6 javelins of returning
Armour
 f - a +2 centaur barding (worn)
 k - a +0 cloak (worn)
 v - a troll hide (worn) {Purgy}
 A - a +2 plate armour of cold resistance
 B - a +2 plate armour of fire resistance
 J - a cursed -1 plate armour
Jewellery
 a - a ring of invisibility (left hand)
 g - an amulet of faith (around neck)
Wands
 t - a wand of magic darts (16/48)
 H - a wand of lightning (3/15)
 K - a wand of invisibility (4/9)
Scrolls
 j - 2 scrolls of recharging
 u - a scroll of immolation
 y - 2 scrolls of magic mapping
 z - a scroll of amnesia
 C - a scroll of torment
 L - 3 scrolls of fear
 N - a scroll of remove curse
Potions
 e - 2 potions of curing
 m - a potion of magic
 o - a potion of ambrosia
 q - 2 potions of berserk rage {unknown}
 r - a potion of agility
 w - a potion of might
 E - 2 potions of haste
 F - a potion of flight
 I - a potion of invisibility {unknown}
Books
 b - a book of Air

   Spells                             Type                      Level
   a - Shock                          Conjuration/Air              1
   b - Swiftness                      Charms/Air                   2
   c - Repel Missiles                 Charms/Air                   2
   d - Static Discharge               Conjuration/Air              3
   e - Lightning Bolt                 Conjuration/Air              5
Comestibles
 c - 10 bread rations
 h - 6 meat rations
 l - 6 chunks of flesh
 s - 8 beef jerkies
 x - 2 royal jellies


   Skills:
 - Level 7.0 Fighting
 * Level 11.5(11.4) Axes
 + Level 7.7 Armour
 + Level 4.7(4.6) Dodging
 - Level 1.2 Stealth
 - Level 1.5 Spellcasting
 - Level 2.9 Conjurations
 - Level 3.9 Air Magic
 - Level 4.0 Invocations


You had 8 spell levels left.
You knew the following spells:

 Your Spells              Type           Power        Failure   Level  Hunger
a - Shock                 Conj/Air       ##..         10%         1    ##.....
b - Repel Missiles        Chrm/Air       #.....       21%         2    ###....
c - Swiftness             Chrm/Air       #.......     21%         2    ###....


Dungeon Overview and Level Annotations

Branches:
Dungeon (14/15)            Temple (0/1) D:7            Lair (0/8) D:10
    Orc (2/2) D:12            Elf (0/3) Orc:2
 Vaults: D:13-14

Altars:
Ashenzari
Kikubaaqudgha
Makhleb
Okawaru
Pakellas
Qazlal
The Shining One

Shops:
D:6 :

Annotations:
D:5 Raultor's ghost, novice VSMo
D:8 Raultor's ghost, novice DsGl


Innate Abilities, Weirdness & Mutations

You have hooves in place of feet.
Armour fits poorly on your strangely shaped body.
You cover ground very quickly.
You have extremely tough skin (AC +3).
You are partially covered in thin metallic scales (AC +2).
Scrolls take you a little longer to read.
You are clumsy. (Dex -2)
Your magical capacity is low (-10% MP).
You are resistant to hostile enchantments.
Potions and wands are less effective at restoring your health.


Message History

The orc warrior goes into a battle-frenzy!
You closely miss the orc warrior.
The orc warrior is severely wounded.
The orc warrior hits you with a mace!!
You slash the orc warrior!
You kill the orc warrior!
Okawaru accepts your kill.
The orc warlord unwields an uncursed war axe of flaming.
It stops flaming.
The orc warlord wields a runed arbalest.
It bursts into flame!
The orc warlord shoots a bolt.
The bolt hits you!! The bolt burns you.
Unknown command.
Things that are here:
a leather armour; a falchion Unknown command.
Unknown command.
Unknown command.
The orc warlord shoots a bolt.
The bolt hits you!!
You die...

#...######## #....)####.....###
.........#.# ###.......##......#.
.........#.###.###(.....#....#.(.
................##..[..#....(....
............[..######)....#.##†..
...............#.###)([...#####).
...o.........)....##)))[.).##....
....o....(o.[)([..)).[[#.........
.........#(....#@[()...##.......#
.........#[[....#.....###.)).....
#...######.....#.....###.......)#
#o.. #....##..#).#.##.......)
#... #...######[[[..#........ ...
##.## #)[........#... ... ###
#.........##... ##)(....####...
##.........##.#.


You could see an orc warlord.

Vanquished Creatures
  2 orc high priests (Orc:2)
  5 orc knights (Orc:2)
  An ugly thing (D:13)
  5 orc sorcerers
  2 cyclopes (D:12)
  A slime creature (D:13)
  3 trolls
  A wraith (D:12)
  A hippogriff (D:12)
  4 wargs (Orc:2)
  Purgy (Sewer)
  A black bear (D:11)
  2 ice beasts (D:11)
  31 orc warriors
  A centaur (D:6)
  8 ogres
  6 giant frogs
  An elf zombie (Ossuary)
  A water moccasin zombie (D:12)
  2 scorpions
  4 wights (D:13)
  A crimson imp (D:12)
  19 orc priests
  7 centaur zombies (Ossuary)
  2 jellies
  A quasit (D:11)
  22 orc wizards
  4 human zombies (Ossuary)
  An iron imp (D:12)
  A giant frog skeleton (D:5)
  3 iguanas
  3 worker ants
  A killer bee zombie (D:7)
  2 sheep (D:12)
  A hound skeleton (D:6)
  3 mummies (Ossuary)
  A worker ant zombie (D:7)
  5 adders
  3 gnolls (Orc:2)
  2 river rats (D:5)
  3 shadow imps
  2 oozes
  5 giant geckos
  69 orcs
  9 giant cockroaches
  5 goblins
  4 hobgoblins
  4 jackals
  3 quokkas
  A bat (D:2)
  2 giant newts (D:2)
  8 kobolds
  3 rats
283 creatures vanquished.

Vanquished Creatures (collateral kills)
  A crimson imp (D:13)
1 creature vanquished.

Vanquished Creatures (others)
  The ghost of chonchonts the Cleaver, a novice MiFi of Makhleb (D:7)
1 creature vanquished.

Grand Total: 285 creatures vanquished

Notes
Turn   | Place    | Note
--------------------------------------------------------------
     0 | D:1      | 4thArraOfDagon the Centaur Air Elementalist began the quest for the Orb.
     0 | D:1      | Reached XP level 1. HP: 14/14 MP: 3/3
    41 | D:1      | Reached skill level 1 in Conjurations
   192 | D:2      | Reached skill level 3 in Air Magic
   193 | D:2      | 4thArraOfDagon: test
   238 | D:2      | Reached XP level 2. HP: 8/20 MP: 0/4
   349 | D:2      | Reached XP level 3. HP: 11/26 MP: 1/5
   373 | D:2      | Learned a level 2 spell: Repel Missiles
   466 | D:2      | Found an ancient bone altar of Kikubaaqudgha.
   665 | D:3      | Found an iron altar of Okawaru.
   674 | D:3      | Became a worshipper of Warmaster Okawaru
   865 | D:3      | Found a faded altar to an unknown god.
   938 | D:4      | Noticed a scorpion
   992 | D:4      | Killed a scorpion
   992 | D:4      | Reached XP level 4. HP: 29/33 MP: 0/6
  1013 | D:4      | Noticed a centaur
  1023 | D:4      | Noticed a phantom
  1024 | D:4      | Noticed a phantom
  1030 | D:5      | Entered Level 5 of the Dungeon
  1111 | D:5      | Noticed a phantom
  1150 | D:4      | Noticed an ogre
  1173 | D:4      | Killed an ogre
  1173 | D:4      | Reached * piety under Okawaru
  1173 | D:4      | Reached skill level 1 in Fighting
  1173 | D:4      | Reached XP level 5. HP: 29/41 MP: 1/7
  1263 | D:5      | Noticed Raultor's ghost (novice VSMo)
  1385 | D:5      | Gained mutation: You occasionally shout uncontrollably at your foes. [potion of mutation]
  1385 | D:5      | Gained mutation: You are robust (+10% HP). [potion of mutation]
  1385 | D:5      | Lost mutation: You occasionally shout uncontrollably at your foes. [potion of mutation]
  1386 | D:5      | Gained mutation: Scrolls take you a little longer to read. [potion of mutation]
  1386 | D:5      | Gained mutation: Your magical capacity is low (-10% MP). [potion of mutation]
  1386 | D:5      | Gained mutation: You occasionally shout uncontrollably at your foes. [potion of mutation]
  1480 | D:5      | Reached XP level 6. HP: 55/55 MP: 1/7
  1513 | D:5      | Found a glowing drain.
  1517 | Sewer    | Entered a sewer
  1567 | Sewer    | Noticed Purgy
  1587 | Sewer    | Killed Purgy
  1653 | Sewer    | Gained mutation: Potions and wands are less effective at restoring your health. [potion of mutation]
  1653 | Sewer    | Gained mutation: You are clumsy. (Dex -2) [potion of mutation]
  1810 | D:5      | Gained mutation: You are partially covered in thin metallic scales (AC +2). [potion of mutation]
  1917 | D:5      | Reached ** piety under Okawaru
  1917 | D:5      | Reached skill level 4 in Invocations
  2051 | D:5      | Learned a level 2 spell: Swiftness
  2067 | D:6      | Reached XP level 7. HP: 39/64 MP: 0/9
  2137 | D:6      | Found a stormy altar of Qazlal.
  2161 | D:6      | Found a sand-covered staircase.
  2169 | Ossuary  | Entered an ossuary
  2221 | Ossuary  | Lost mutation: You are clumsy. (Dex -2) [potion of cure mutation]
  2221 | Ossuary  | Lost mutation: Scrolls take you a little longer to read. [potion of cure mutation]
  2221 | Ossuary  | Lost mutation: Your magical capacity is low (-10% MP). [potion of cure mutation]
  2221 | Ossuary  | Lost mutation: You are robust (+10% HP). [potion of cure mutation]
  2221 | Ossuary  | Lost mutation: You occasionally shout uncontrollably at your foes. [potion of cure mutation]
  2274 | Ossuary  | Reached skill level 5 in Fighting
  2350 | Ossuary  | Reached skill level 6 in Fighting
  2445 | Ossuary  | Reached XP level 8. HP: 58/71 MP: 4/11
  2468 | Ossuary  | Reached skill level 7 in Fighting
  2609 | D:6      | Found Melocoet's Book Shoppe.
  2621 | D:6      | Found a burning altar of Makhleb.
  2645 | D:6      | Reached *** piety under Okawaru
  2645 | D:6      | Reached skill level 1 in Armour
  3079 | D:7      | Noticed chonchonts's ghost (novice MiFi)
  3159 | D:8      | Noticed Raultor's ghost (novice DsGl)
  3274 | D:7      | Killed chonchonts's ghost
  3316 | D:7      | Found a staircase to the Ecumenical Temple.
  3582 | D:6      | Found a glowing golden altar of the Shining One.
  3582 | D:6      | Found an oddly glowing altar of Pakellas.
  3629 | D:8      | Found a shattered altar of Ashenzari.
  3635 | D:8      | Noticed a kobold demonologist
  3635 | D:8      | Noticed a kobold demonologist
  3689 | D:8      | Reached skill level 5 in Armour
  3952 | D:10     | Entered Level 10 of the Dungeon
  4044 | D:10     | Noticed a wolf spider
  4090 | D:10     | Noticed a hill giant
  4228 | D:11     | Reached XP level 9. HP: 75/79 MP: 5/12
  4262 | D:11     | Reached **** piety under Okawaru
  4355 | D:11     | Noticed a seven-headed hydra
  4440 | D:12     | Noticed a cyclops
  4508 | D:11     | Noticed a hill giant
  4639 | D:11     | Noticed a centaur skeleton
  4970 | D:12     | Reached skill level 1 in Axes
  4978 | D:12     | Noticed a cyclops
  5227 | D:13     | Noticed a purple ugly thing
  5241 | D:13     | Killed a purple ugly thing
  5280 | D:13     | Noticed a centaur warrior
  5347 | D:12     | Gained mutation: You are clumsy. (Dex -2) [mutagenic meat]
  5348 | D:12     | Gained mutation: You are resistant to hostile enchantments. [mutagenic meat]
  5349 | D:12     | Gained mutation: Your magical capacity is low (-10% MP). [mutagenic meat]
  5350 | D:12     | Gained mutation: Scrolls take you a little longer to read. [mutagenic meat]
  5446 | D:12     | Killed a cyclops
  5446 | D:12     | Reached skill level 5 in Axes
  5524 | D:12     | Killed a cyclops
  5524 | D:12     | Reached XP level 10. HP: 21/86 MP: 7/11
  5762 | D:13     | Noticed a rakshasa
  5762 | D:13     | Noticed a purple ugly thing
  5807 | D:12     | HP: 3/86 [something] (7)]
  6000 | D:12     | Found a staircase to the Orcish Mines.
  6060 | D:12     | Reached ***** piety under Okawaru
  6092 | Orc:1    | Entered Level 1 of the Orcish Mines
  6174 | Orc:1    | Noticed an orc sorcerer
  6201 | Orc:1    | Noticed a rust devil
  6318 | Orc:1    | Killed an orc sorcerer
  6318 | Orc:1    | Reached skill level 8 in Axes
  6393 | Orc:2    | Entered Level 2 of the Orcish Mines
  6402 | Orc:2    | Noticed an orc knight
  6409 | Orc:2    | Noticed an orc sorcerer
  6688 | Orc:1    | Received a gift from Okawaru
  6766 | Orc:2    | Killed an orc knight
  6766 | Orc:2    | Reached skill level 9 in Axes
  6770 | Orc:2    | Killed an orc sorcerer
  6982 | Orc:2    | Found a staircase to the Elven Halls.
  7088 | Orc:1    | Reached XP level 11. HP: 28/92 MP: 10/12
  7378 | Orc:2    | Reached skill level 10 in Axes
  7738 | Orc:2    | Noticed an orc high priest
  7747 | Orc:2    | Noticed an orc high priest
  7754 | Orc:2    | Killed an orc high priest
  7754 | Orc:2    | Received a gift from Okawaru
  7763 | Orc:2    | Killed an orc high priest
  7837 | Orc:2    | Received a gift from Okawaru
  7838 | Orc:2    | Got an ancient battleaxe {god gift}
  7852 | Orc:2    | Identified the +1 battleaxe "Mywko" {flame, rElec rPois Str+9 Stlth+} (Okawaru gifted it to you on level 2 of the Orcish Mines)
  8256 | Orc:2    | Reached skill level 11 in Axes
  8897 | Orc:2    | Noticed an orc warlord
  8906 | Orc:2    | Shot with a bolt by an orc warlord

Vault maps used:
D:1:      erik_arrival_triangle_large
D:2:      kiku_gazebo_pond_becter
D:3:      ecumenical_altar_2, okawaru_gym_becter
D:4:      nemelex_deck, first_bread, serial_shops, shop
D:5:      gup_sewer_entry_spiral
D:6:      nicolae_overflow_hidden_temple, serial_shops, shop_statue,
          enter_ossuary_2, basic_altar
D:7:      minmay_temple_entry_statues_pillars, grunt_ogre_cave
D:8:      nicolae_dithmenos_through_a_glass_darkly, vehumet_crystals,
          evilmike_ruin_ashenzari
D:9:      uniq_maurice
D:10:     lair_0_dummy, basic_altar, kennysheep_just_a_vault
D:12:     kennysheep_demon_hangout, orc_0_dummy
D:13:     david_vaults_4
D:14:     elyvilon_altar_4, uniq_snorg
Orc:1:    lightli_orcish_oven
Orc:2:    st_orc_congregation
Sewer:    kennysheep_door_sewer
Ossuary:  ossuary_minmay_four_chambers

Action                   |  1- 3 |  4- 6 |  7- 9 | 10-12 || total
-------------------------+-------+-------+-------+-------++-------
Melee: Mace              |    18 |       |       |       ||    18
       Dagger            |    39 |    61 |   386 |       ||   486
       Falchion          |       |       |    29 |       ||    29
       Broad axe         |       |       |    75 |   459 ||   534
       Battleaxe         |       |       |       |    21 ||    21
 Cast: Shock             |    37 |    42 |   150 |    12 ||   241
       Repel Missiles    |     2 |     1 |     3 |       ||     6
Invok: Heroism           |       |     1 |    12 |    23 ||    36
       Finesse           |       |       |       |     1 ||     1
 Abil: Evoke Invisibilit |       |       |       |     1 ||     1
Evoke: Wand              |       |     4 |     5 |       ||     9
  Use: Scroll            |       |    11 |    20 |     3 ||    34
       Potion            |       |     4 |     5 |     1 ||    10
 Stab: Invisible         |       |       |     3 |     2 ||     5
  Eat: Fruit             |       |     5 |     3 |       ||     8
       Chunk             |       |       |    17 |    16 ||    33
       Pizza             |       |       |     1 |       ||     1
